AoeStats
← AndiBoy

Arabia

508266681Analyzed
3v3 RM · 9d ago on Sep 21, 2026· 39m 6s· 6 players
Game mode
Random Map
Map size
Normal (6 player)
Population
200
Speed
Normal
Resources
Standard
Victory
Conquest
Starting age
Dark Age
Ending age
Imperial Age
RankedLock teamsTeams togetherTeam positionsShared explorationLock speedFull tech treeHidden civsTurbo modeCheats
Victory
Defeat
🇦🇷 Muisca · Argentina
1078
+13
🇦🇷 Mongols · Argentina
1057
+14
🇦🇷 Franks · Argentina
1033
+16
🇷🇴 Britons · Romania
1053
-15
🇱🇹 Berbers · Lithuania
1030
-15
🇧🇪 Burgundians · Belgium
982
-13
Evomartis
11:23 Feudal Age
11:38 Loom
12:15 Town Watch
18:00 Fletching
21:34 Castle Age
22:48 Scale Barding Armor
23:56 Light Cavalry
24:43 Crossbowman
27:01 Bloodlines
30:15 Chain Barding Armor
30:09 Horse Collar
30:20 Double-Bit Axe
33:10 Husbandry
35:43 Town Patrol
37:43 Bow Saw
Ryu
7:17 Loom
9:53 Feudal Age
10:34 Double-Bit Axe
15:39 Fletching
22:56 Castle Age
21:58 Gold Mining
22:17 Padded Archer Armor
23:02 Crossbowman
23:50 Bodkin Arrow
25:12 Bow Saw
28:40 Wheelbarrow
29:30 Scale Mail Armor
31:20 Forging
32:39 Pikeman
ozcelik.huseyin
10:48 Horse Collar
10:57 Double-Bit Axe
14:48 Feudal Age
17:49 Loom
20:34 Castle Age
19:18 Heavy Plow
19:32 Bow Saw
30:36 Crop Rotation
31:14 Two-Man Saw
32:23 Wheelbarrow
34:02 Forging
33:53 Scale Mail Armor
34:00 Scale Barding Armor
35:09 Pikeman
35:49 Squires
35:35 Arson
36:32 Hand Cart
37:26 Iron Casting
37:06 Chain Mail Armor
40:51 Imperial Age
nicolitos
8:08 Loom
10:14 Feudal Age
11:15 Double-Bit Axe
16:01 Fletching
22:17 Castle Age
20:27 Padded Archer Armor
20:43 Horse Collar
23:09 Wheelbarrow
23:21 Thumb Ring
22:36 Crossbowman
23:18 Bodkin Arrow
23:38 Leather Archer Armor
24:08 Bow Saw
26:51 Hand Cart
27:33 Town Watch
28:08 Leather Archer Armor
28:08 Heavy Plow
30:03 Ballistics
32:44 Pikeman
33:25 Squires
33:47 Murder Holes
34:02 Masonry
33:33 Treadmill Crane
36:06 Scale Mail Armor
36:16 Forging
41:24 Imperial Age
38:55 Town Patrol
AndiBoy
5:28 Loom
5:35 Loom
11:10 Feudal Age
16:00 Castle Age
14:37 Double-Bit Axe
17:32 Husbandry
24:15 Forging
24:11 Scale Barding Armor
27:21 Iron Casting
27:13 Bow Saw
28:17 Gold Mining
32:14 Wheelbarrow
34:37 Hand Cart
39:13 Imperial Age
39:02 Chain Barding Armor
Mandalorian
7:59 Loom
10:04 Feudal Age
11:03 Double-Bit Axe
13:27 Forging
17:05 Horse Collar
18:39 Fletching
20:20 Bloodlines
23:36 Castle Age
22:27 Gold Mining
23:26 Scale Barding Armor
25:21 Husbandry
26:25 Wheelbarrow
26:10 Bow Saw
27:21 Chain Barding Armor
26:25 Elite Skirmisher
27:35 Padded Archer Armor
32:55 Heavy Plow
33:41 Iron Casting
38:21 Hand Cart
38:14 Town Watch
41:35 Imperial Age
Connection lost

Rejoining the realm…

Still unreachable

The connection could not be restored.

Session expired

The server has moved on; the page needs a fresh start.